 Dungeon Crawl Stone Soup version 0.26.0-20-g3ca415f5b8 (webtiles) character file.

Game seed: 15639801117552301114

1355082 krigyl the Slayer (level 26, 263/282 HPs)
             Began as a Palentonga Necromancer on Jan 24, 2021.
             Was the Champion of Okawaru.
             Escaped with the Orb
             ... and 3 runes!
             The game lasted 03:37:02 (116751 turns).

krigyl the Slayer (Palentonga Necromancer)        Turns: 116751, Time: 03:37:03

Health: 263/282    AC: 31    Str: 24    XL:     26   Next: 82%
Magic:  2/8        EV:  3    Int: 15    God:    Okawaru [******]
Gold:   5858       SH: 22    Dex: 12    Spells: 25/29 levels left

rFire    + + +     SeeInvis +   b - +9 eveningstar (antimagic)
rCold    + . .     Faith    .   c - +2 tower shield {rN+}
rNeg     + . .     Spirit   .   a - +7 chain mail "Piruh" {rElec rC- Will+}
rPois    .         Reflect  .   (helmet restricted)
rElec    +         Harm     .   X - +2 cloak {rCorr}
rCorr    +         Rampage  .   t - +2 pair of gloves {Str+3}
Will     ++...                  Q - +3 barding of Compassion {rC++ Int+2 Dex+2}
Stlth    ..........             e - amulet "Isa Deam" {Acrobat Slay+3}
HPRegen  0.57/turn              O - ring of the Shining Light {*Drain rF+++ Int-4 Slay+4 SInv}
MPRegen  0.11/turn              p - ring of the Tortoise {AC+8}

@: corroded, hasted, very quick
A: large, antennae 1, stinger 1, rugged brown scales 3, see invisible, clumsy 1,
deformed body, deterioration 2, low mp 1, no stealth, hated by all, inability to
train dodging, inability to train armour, disrupted magic 1, MP-powered wands,
roll 1, armoured tail, reflexive curl
0: Orb of Zot
}: 3/15 runes: serpentine, barnacled, slimy
a: Rolling Charge, Renounce Religion, Heroism, Finesse


You escaped.
You worshipped Okawaru.
Okawaru was exalted by your worship.
You visited 11 branches of the dungeon, and saw 53 of its levels.
You visited the Abyss 1 time.
You visited 1 bazaar.
You also visited: Bailey.

You collected 11015 gold pieces.
You spent 5157 gold pieces at shops.

Inventory:

Hand Weapons
 b - a +9 antimagic eveningstar (weapon)
Missiles
 m - 20 curare-tipped darts
 r - 27 silver boomerangs (quivered)
 w - 12 throwing nets
 x - 93 boomerangs
 D - 73 silver javelins
 S - 47 javelins
Armour
 a - the +7 chain mail "Piruh" (worn) {rElec rC- Will+}
   (Okawaru gifted it to you on level 2 of the Vaults)

   It makes you vulnerable to cold.
   It insulates you from electricity.
   It affects your willpower, your defense against some magical effects.
 c - a +2 tower shield of positive energy (worn)
 t - a +2 pair of gloves of strength (worn)
 N - a +2 helmet
 Q - the +3 barding of Compassion (worn) {rC++ Int+2 Dex+2}
   (Okawaru gifted it to you on level 5 of the Depths)

   It affects your intelligence (+2).
   It affects your dexterity (+2).
   It greatly protects you from cold.
 X - a +2 cloak of preservation (worn)
Jewellery
 e - the amulet "Isa Deam" (around neck) {Acrobat Slay+3}
   (You bought it in a shop on level 2 of the Depths)

   [amulet of the acrobat]

   It helps you evade while moving and waiting.
   It affects your accuracy and damage with ranged weapons and melee attacks
   (+3).
 f - an uncursed ring of protection from fire
 n - the ring "Afieschy Iheu" {rC+ rN+ Slay+3}
   (You found it on level 1 of the Shoals)

   [ring of protection from cold]

   It affects your accuracy and damage with ranged weapons and melee attacks
   (+3).
   It protects you from cold.
   It protects you from negative energy.
 p - the ring of the Tortoise (right hand) {AC+8}
   (You found it on level 1 of the Realm of Zot)

   [ring of protection]

   It affects your AC (+8).
 O - the ring of the Shining Light (left hand) {*Drain rF+++ Int-4 Slay+4 SInv}
   (You found it on level 5 of the Pits of Slime)

   [ring of see invisible]

   It affects your intelligence (-4).
   It affects your accuracy and damage with ranged weapons and melee attacks
   (+4).
   It renders you almost immune to fire.
   It lets you see invisible.
   It causes draining when unequipped.
Wands
 s - a wand of iceblast (28) {@v3}
 E - a wand of paralysis (12)
 J - a wand of digging (28) {@v1}
Scrolls
 g - 15 scrolls of teleportation {@r4}
 j - a scroll of magic mapping
 l - 4 scrolls of vulnerability
 y - 4 scrolls of immolation
 F - 3 scrolls of blinking {@r3}
 G - 2 scrolls of fog
 H - 25 scrolls of remove curse {@r2}
 I - 13 scrolls of identify {@r1}
 K - 5 scrolls of fear
 M - 6 scrolls of amnesia
 T - 4 scrolls of holy word
 W - a scroll of silence
Potions
 d - 2 potions of cancellation
 h - 5 potions of brilliance
 i - 4 potions of berserk rage
 k - 14 potions of lignification
 o - 6 potions of curing {@q1}
 q - 5 potions of invisibility
 u - 4 potions of mutation
 z - 2 potions of magic
 A - 8 potions of flight
 C - 6 potions of might {@q4}
 L - 10 potions of heal wounds {@q2}
 P - 9 potions of attraction
 R - 5 potions of ambrosia
 U - 2 potions of resistance {@q6}
 V - 4 potions of haste {@q3}
Miscellaneous
 B - a phial of floods
 Y - a tin of tremorstones (2/2)
 Z - a condenser vane


   Skills:
 + Level 26.5 Fighting
 - Level 1.3(1.5) Short Blades
 - Level 0.8(1.2) Long Blades
 - Level 20.3 Maces & Flails
 + Level 15.6 Throwing
 - Level 15.0 Shields
 - Level 2.0 Spellcasting
 - Level 4.0 Necromancy
 - Level 8.0 Invocations
 + Level 18.1 Evocations


You had 25 spell levels left.
You knew the following spells:

 Your Spells              Type           Power        Failure   Level
a - Pain                  Necr           52%          45%         1
b - Animate Skeleton      Necr           26%          45%         1
c - Blink                 Tloc           N/A          98%         2

Your spell library contained the following spells:

 Spells                   Type           Power        Failure   Level
 Vampiric Draining        Necr           6%           80%         3
 Corpse Rot               Necr/Air       N/A          83%         2
 Apportation              Tloc           2%           92%         1
 Beastly Appendage        Tmut           2%           92%         1
 Foxfire                  Conj/Fire      4%           92%         1
 Freeze                   Ice            4%           92%         1
 Magic Dart               Conj           4%           92%         1
 Shock                    Conj/Air       4%           92%         1
 Sting                    Tmut/Pois      4%           92%         1
 Ensorcelled Hibernation  Hex/Ice        2%           98%         2
 Passwall                 Tmut/Erth      0%           98%         2
 Poisonous Vapours        Pois/Air       2%           98%         2
 Searing Ray              Conj           2%           98%         2
 Slow                     Hex            1%           98%         2
 Swiftness                Air            1%           98%         2
 Wereblood                Tmut           1%           98%         2
 Confusing Touch          Hex            1%           100%        3
 Conjure Flame            Conj/Fire      1%           100%        3
 Dazzling Flash           Conj/Hex       2%           100%        3
 Frozen Ramparts          Ice            2%           100%        3
 Gell's Gravitas          Tloc           0%           100%        3
 Ignite Poison            Fire/Tmut/Pois 1%           100%        3
 Lesser Beckoning         Tloc           0%           100%        3
 Mephitic Cloud           Conj/Pois/Air  1%           100%        3
 Ozocubu's Armour         Ice            1%           100%        3
 Portal Projectile        Hex/Tloc       2%           100%        3
 Spider Form              Tmut/Pois      0%           100%        3
 Static Discharge         Conj/Air       1%           100%        3
 Stone Arrow              Conj/Erth      2%           100%        3
 Teleport Other           Tloc           1%           100%        3
 Airstrike                Air            0%           100%        4
 Cause Fear               Hex            0%           100%        4
 Fulminant Prism          Conj/Hex       0%           100%        4
 Hailstorm                Conj/Ice       1%           100%        4
 Ice Form                 Ice/Tmut       1%           100%        4
 Iskenderun's Mystic Bla  Conj/Tloc      1%           100%        4
 Leda's Liquefaction      Hex/Erth       0%           100%        4
 Olgreb's Toxic Radiance  Pois           1%           100%        4
 Passage of Golubria      Tloc           N/A          100%        4
 Petrify                  Tmut/Erth      1%           100%        4
 Agony                    Necr           13%          100%        5
 Alistair's Intoxication  Tmut/Pois      0%           100%        5
 Blade Hands              Tmut           0%           100%        5
 Bolt of Magma            Conj/Fire/Erth 0%           100%        5
 Borgnjor's Vile Clutch   Necr/Erth      3%           100%        5
 Fireball                 Conj/Fire      0%           100%        5
 Irradiate                Conj/Tmut      0%           100%        5
 Iskenderun's Battlesphe  Conj           1%           100%        5
 Lee's Rapid Deconstruct  Erth           0%           100%        5
 Lightning Bolt           Conj/Air       0%           100%        5
 Metabolic Englaciation   Hex/Ice        0%           100%        5
 Silence                  Hex/Air        0%           100%        5
 Yara's Violent Unravell  Hex/Tmut       0%           100%        5
 Dispersal                Tloc           0%           100%        6
 Eringya's Noxious Bog    Tmut/Pois      0%           100%        6
 Freezing Cloud           Conj/Ice/Air   0%           100%        6
 Hydra Form               Tmut           0%           100%        6
 Invisibility             Hex            1%           100%        6
 Iron Shot                Conj/Erth      0%           100%        6
 Starburst                Conj/Fire      0%           100%        6
 Statue Form              Tmut/Erth      0%           100%        6
 Dragon Form              Tmut           0%           100%        7
 Orb of Destruction       Conj           0%           100%        7
 Discord                  Hex            0%           100%        8
 Disjunction              Tloc           0%           100%        8
 Ignition                 Fire           0%           100%        8
 Shatter                  Erth           0%           100%        9
 Call Imp                 Summ           Unusable     N/A         2
 Animate Dead             Necr           Unusable     N/A         4
 Tukima's Dance           Hex            Unusable     N/A         3
 Summon Ice Beast         Ice/Summ       Unusable     N/A         4
 Summon Forest            Summ/Tloc      Unusable     N/A         5
 Shadow Creatures         Summ           Unusable     N/A         6
 Spellforged Servitor     Conj/Summ      Unusable     N/A         7
 Summon Hydra             Summ           Unusable     N/A         7
 Dragon's Call            Summ           Unusable     N/A         9

Dungeon Overview and Level Annotations

Branches:
Dungeon (15/15)            Temple (1/1) D:4            Lair (6/6) D:8
 Shoals (4/4) Lair:4        Snake (4/4) Lair:3        Slime (5/5) Lair:5
    Orc (2/2) D:9             Elf (2/3) Orc:2        Vaults (4/5) D:13
  Crypt (0/3) Vaults:3     Depths (5/5) D:15            Zot (5/5) Depths:5
 Bailey (visited)

Altars:
Ashenzari
Cheibriados
Dithmenos
Elyvilon
Fedhas
Gozag
Hepliaklqana
Kikubaaqudgha
Makhleb
Nemelex Xobeh
Okawaru
Qazlal
Ru
Sif Muna
Trog
Uskayaw
Vehumet
Wu Jian
Xom
Yredelemnul
Zin
The Shining One
Beogh
Jiyva

Shops:
D:13 ?   Orc:2 [![}   Shoals:4 [   Snake:2 *[*   Vaults:3 ![   Vaults:4 (
Depths:2 ==?}   Depths:3 }}=   Depths:4 ([

Portals:
Hell: Depths:1 Depths:2 Depths:3 Depths:4 Depths:5
Abyss: D:4 Depths:2 Depths:4
Pandemonium: Depths:1 Depths:3
Ziggurat: Depths:1

Annotations:
Depths:3 2 transporters, exclusion: obsidian statue, WeeknightWizard's ghost, veteran DEFE
Zot:2 2 transporters, Toelubet's ghost, veteran CeHu
Zot:4 2 transporters, exclusion: obsidian statue
Zot:5 1 exclusion


Innate Abilities, Weirdness & Mutations

You are completely covered in rugged brown scales. (AC +3, +7% HP)
You have supernaturally acute eyesight. (SInv)
You are clumsy. (Dex -2)
Armour fits poorly on your strangely shaped body.
You cannot be stealthy.
You are hated by all.
You cannot train Dodging skill.
You cannot train Armour skill.
Your casting is slightly disrupted.
You can roll at nearby foes to attack.
You have a long armoured tail.
You curl defensively after being hit.
You have a pair of small antennae on your head.
Your tail ends in a poisonous barb.
Your body often deteriorates upon taking damage.
Your magical capacity is low. (-10% MP)
You expend magic power (3 MP) to strengthen your wands.


Message History

You block the harpoon shot.
Evoke which item? (* to show all) (? for menu, Esc to quit)
Aiming: Dig
Press: ? - help, Shift-Dir - straight line A rock wall.
This square is covered in magical glow.
You feel a surge of power!
The rock shatters into small pieces.
As you read the scroll of teleportation {@r4}, it crumbles to dust.
You feel strangely stable. Nicagen hits you!! Nicagen corrodes you!
Evoke which item? (* to show all) (? for menu, Esc to quit)
Aiming: Dig
Press: ? - help, Shift-Dir - straight line A rock wall.
This square is covered in magical glow.
You feel a surge of power!
The rock shatters into small pieces.
You block Nicagen's attack. Nicagen fires a harpoon shot at you.
You block the harpoon shot.
There is a staircase leading out of the dungeon here.
You have escaped!

.......#......#....#.##.###..#..#
..............#....#............#
.##.##.#......#....#○##.####.##.#
.##.##.#.........#○#.##.# #.##.#
.##.##.#.##+#.####○☼°##.# #.##.#
###.#.......#....☼°#.##.####..#.#
....#############○##.##.#........
###.#..........☼&°##.##.#.##....#
#...##.......☼@○##.##.#.##.#..# #
#...............#..............
###....#####.>.######.#.#.###...#
........####...# #.#.#.# #...#
...........##### #...#.# ##..#
#######.##.# ###.#.####.># #
#.##.# #.......... # #.##.#
#.#.####### # #.##.# #.#.# #.


You could see Nicagen (clouds).

Vanquished Creatures
  the Royal Jelly (Slime:5)
  5 orbs of fire (Zot:5)
  4 ancient liches (Zot:5)
  A juggernaut (Depths:3)
  Boris (Depths:3)
  2 Killer Klowns (Zot:5)
  2 curse toes
  9 golden dragons
  Jory (Depths:3)
  Nikola (Snake:4)
  3 liches
  A Tzitzimitl (D:4)
  2 electric golems
  18 tentacled monstrosities
  A deep elf blademaster (Elf:2)
  17 Orb Guardians
  4 quicksilver dragons
  A titan (Depths:4)
  An Executioner (D:3)
  10 death cobs
  2 sphinxes
  23 acid blobs
  A kraken (Shoals:3)
  Kirke (Shoals:1)
  4 tengu reavers
  Roxanne (Snake:2)
  8 storm dragons
  Donald (Orc:1)
  A revenant (Vaults:3)
  10 shadow dragons
  6 draconian monks
  The ghost of Gadfly the Severer, an adept DsBe of Trog (Shoals:2)
  7 nagarajas
  14 draconian knights
  2 frost giants
  Louise (D:15)
  3 deep elf sorcerers
  14 azure jellies
  An orc warlord (Orc:1)
  A balrug (Depths:3)
  5 fire giants
  10 draconian scorchers
  Aizul (Elf:2)
  3 draconian shifters
  7 draconian annihilators
  5 vault wardens
  8 draconian stormcallers
  13 ironheart preservers
  15 very ugly things
  11 stone giants
  A spriggan defender (Depths:3)
  4 deep elf demonologists
  A vampire knight (Depths:2)
  Nessos (Orc:2)
  11 green draconians
  17 black draconians
  2 deep elf annihilators
  9 yellow draconians
  A minotaur (shapeshifter) (Depths:3)
  13 purple draconians
  9 red draconians
  9 spark wasps
  5 merfolk javelineers
  11 ettins
  Snorg (D:10)
  10 white draconians
  9 merfolk impalers
  A blizzard demon (D:13)
  7 death oozes
  Josephine (D:14)
  A deep elf death mage (Vaults:1)
  12 fire dragons
  10 great orbs of eyes
  A deep elf high priest (Depths:5)
  7 yaktaur captains
  5 rakshasas
  14 ogre magi
  5 boulder beetles
  20 naga warriors
  Harold (D:10)
  2 hell beasts
  5 vault guards
  4 anacondas
  5 spriggan air magi
  9 ice dragons
  10 hydras
  2 merfolk avatars
  A catoblepas (Lair:5)
  4 merfolk aquamancers
  A death yak (Lair:5)
  2 anacondas (shapeshifter) (Depths:3)
  49 two-headed ogres
  13 centaur warriors
  24 dancing weapons
  2 satyrs (Shoals:4)
  3 alligator snapping turtles
  5 death knights
  7 deep troll earth magi
  Urug (Orc:2)
  3 deep troll shamans
  A titan zombie (D:15)
  A vampire mage (D:15)
  4 tengu warriors
  An orc high priest (Elf:2)
  2 spriggan berserkers
  9 naga sharpshooters
  5 shock serpents
  Sonja (Orc:2)
  2 iron trolls
  20 deep elf knights
  2 skeletal warriors
  2 sun demons (Depths:3)
  A shadow wraith (Vaults:2)
  A fire crab (shapeshifter) (Vaults:1)
  A sixfirhy (D:5)
  A storm dragon skeleton (Vaults:3)
  2 salamander mystics
  5 hell knights
  15 deep trolls
  An unseen horror (shapeshifter) (Vaults:4)
  9 deep elf archers
  A deep troll (shapeshifter) (Depths:3)
  2 flayed ghosts
  3 unseen horrors
  3 sea snakes
  An orange crystal statue (Elf:1)
  A shadow demon (Depths:5)
  3 glowing orange brains
  6 wizards
  8 naga ritualists
  26 harpies
  8 necromancers
  A sphinx zombie (D:15)
  20 orc knights
  8 ironbrand convokers
  4 mana vipers
  4 wolf spiders
  5 orc sorcerers
  2 wolf spider zombies (D:13)
  5 oklob plants
  2 fire giant zombies (Vaults:3)
  32 ugly things
  19 fauns
  A manticore (shapeshifter) (Depths:3)
  3 tengu skeletons
  56 deep elf magi
  10 cyclopes
  2 salamanders (shapeshifter)
  24 moths of wrath
  26 manticores
  3 shining eyes (Slime:4)
  13 salamanders
  A guardian serpent (shapeshifter) (Depths:3)
  2 frost giant skeletons (Vaults:4)
  43 black mambas
  Joseph (D:10)
  A torpor snail (Lair:5)
  10 vault sentinels
  10 elephants
  A smoke demon (D:3)
  14 merfolk sirens
  30 naga magi
  3 guardian serpents
  14 cane toads
  8 water nymphs
  2 eyes of devastation
  5 spectral swamp worms
  A cane toad (shapeshifter) (Depths:3)
  2 gargoyles
  4 freezing wraiths
  27 yaktaurs
  2 yaktaur zombies
  A kobold demonologist (D:14)
  10 komodo dragons
  2 efreet
  3 komodo dragons (shapeshifter)
  A demonic crawler (D:12)
  8 rime drakes
  3 human skeletons (Vaults:1)
  A rime drake (shapeshifter) (Vaults:4)
  A guardian mummy (D:15)
  45 merfolk
  A queen bee (shapeshifter) (Depths:3)
  5 tengu conjurers
  A polar bear (shapeshifter) (Depths:3)
  4 polar bears
  4 hornets
  45 blink frogs
  73 slime creatures
  The ghost of Gadfly the Cudgeller, an amateur GnWn of Okawaru (D:4)
  A hornet (shapeshifter) (Depths:3)
  15 trolls
  5 wind drakes
  3 dream sheep
  8 snapping turtles
  2 stone giant simulacra
  A meliai zombie (D:12)
  2 air elementals
  2 large abominations (D:12)
  72 yaks
  2 spriggans (Depths:3)
  A spriggan (shapeshifter) (Depths:3)
  A vampire (D:11)
  6 water elementals
  3 hogs (Shoals:1)
  11 wraiths
  5 wyverns
  2 basilisks (shapeshifter)
  3 basilisks
  A neqoxec (D:12)
  4 fire elementals
  A golden eye (shapeshifter) (Depths:3)
  21 humans
  A yaktaur simulacrum (Vaults:3)
  4 vampire mosquitoes (D:13)
  9 wargs
  2 elf skeletons
  3 acid dragons
  65 nagas
  10 water moccasins
  A soldier ant (D:15)
  A floating eye (shapeshifter) (Depths:3)
  3 hell hounds (D:13)
  A deep troll skeleton (Vaults:4)
  4 ice beasts
  66 orc warriors
  5 sky beasts
  11 necrophages
  A black bear (shapeshifter) (Vaults:1)
  2 phantoms
  A black bear (Lair:5)
  An elf zombie (Vaults:4)
  20 wolves
  4 boggarts (Depths:2)
  6 eyes of draining
  43 ogres
  21 centaurs
  2 human zombies (Vaults:4)
  3 big kobolds
  9 small abominations
  14 bullfrogs
  3 gnoll sergeants
  3 earth elementals (Elf:1)
  A wyvern zombie (D:8)
  A wyvern skeleton (D:6)
  A hornet simulacrum (D:13)
  6 scorpions
  20 killer bees
  18 wights
  7 howler monkeys
  11 electric eels
  A crimson imp (Depths:1)
  8 centaur zombies
  2 quasits
  8 centaur skeletons
  3 bullfrog skeletons
  2 bullfrog zombies (D:13)
  6 hounds
  A human simulacrum (Vaults:1)
  29 orc priests
  5 jellies
  36 orc wizards
  Crazy Yiuf (D:7)
  2 iron imps
  9 iguanas
  9 worker ants
  Natasha (thrice) (D:4)
  A hound zombie (D:8)
  5 worker ant zombies
  Robin (D:2)
  13 gnolls
  13 adders
  A shadow imp (D:5)
  2 white imps
  3 ufetubi
  2 oozes
  An adder zombie (D:8)
  2 worms
  A dart slug (D:5)
  5 leopard geckos
  134 orcs
  2 ball pythons
  9 giant cockroaches
  21 goblins
  5 hobgoblins
  8 jackals
  21 kobolds
  7 quokkas
  8 bats
  2 frilled lizards
  A jackal skeleton (D:4)
  7 rats
  4 tentacles (Shoals:3)
2354 creatures vanquished.

Vanquished Creatures (collateral kills)
  A kobold (D:1)
1 creature vanquished.

Vanquished Creatures (others)
  A ghost moth (Zot:5)
  A black mamba (Snake:2)
  2 komodo dragons (Lair:4)
  A blink frog (Lair:3)
  2 wyverns (Lair:4)
  A water elemental (Elf:1)
  Grum (D:10)
  A necrophage (Lair:2)
  A bullfrog (Lair:3)
  An orc wizard (D:11)
  2 orcs
  A kobold (D:12)
  3 bushes
  93 fungi
  212 plants
  7 tentacles (Shoals:3)
  4 toadstools (Depths:1)
  9 withered plants (D:15)
343 creatures vanquished.

Grand Total: 2698 creatures vanquished

Notes
Turn   | Place    | Note
-------+----------+-------------------------------------------
     0 | D:1      | krigyl the Palentonga Necromancer began the quest for the
                  | Orb.
     0 | D:1      | Reached XP level 1. HP: 14/14 MP: 3/3
   593 | D:1      | Reached skill level 1 in Short Blades
   711 | D:1      | Reached skill level 1 in Fighting
   711 | D:1      | Reached XP level 2. HP: 22/24 MP: 3/5
   776 | D:1      | Learned a level 1 spell: Animate Skeleton
  1331 | D:2      | Reached skill level 1 in Maces & Flails
  1378 | D:2      | Reached XP level 3. HP: 29/29 MP: 6/6
  1683 | D:2      | Found a bloodstained altar of Trog.
  1683 | D:2      | Found an ornate altar of the Wu Jian Council.
  1683 | D:2      | Found a glowing silver altar of Zin.
  1695 | D:2      | Found a sacrificial altar of Ru.
  1697 | D:2      | Found a burning altar of Makhleb.
  2309 | D:2      | Became a worshipper of Ru the Awakened
  2584 | D:2      | Reached skill level 2 in Fighting
  2584 | D:2      | Reached XP level 4. HP: 37/38 MP: 7/7
  2940 | D:3      | Found a faded altar of an unknown god.
  2973 | D:3      | Noticed Robin
  3172 | D:2      | Killed Robin
  3173 | D:2      | Reached XP level 5. HP: 37/44 MP: 8/8
  3624 | D:3      | Reached skill level 3 in Fighting
  3624 | D:3      | Reached skill level 1 in Shields
  3638 | D:3      | Reached XP level 6. HP: 29/54 MP: 9/9
  4139 | D:3      | Found a stormy altar of Qazlal.
  4140 | D:3      | Noticed a fire elemental
  4145 | D:3      | Noticed an air elemental
  4336 | D:3      | Noticed a water elemental
  4572 | D:4      | Gained mutation: You cannot train Dodging skill. [Ru
                  | sacrifice]
  4572 | D:4      | Reached * piety under Ru
  4648 | D:4      | Found a staircase to the Ecumenical Temple.
  4667 | D:4      | Noticed Natasha
  4669 | D:4      | Killed Natasha
  4851 | D:4      | Found a transporter.
  4894 | D:4      | Found a transporter.
  4898 | D:4      | Noticed Natasha
  4902 | D:4      | Killed Natasha
  4973 | D:4      | Noticed Natasha
  5051 | D:4      | Killed Natasha
  5052 | D:4      | Reached skill level 5 in Maces & Flails
  5052 | D:4      | Gained mutation: You curl defensively after being hit.
                  | [Palentonga growth]
  5052 | D:4      | Reached XP level 7. HP: 62/62 MP: 10/10
  5095 | D:4      | Noticed Gadfly's ghost (amateur GnWn)
  5387 | D:5      | Entered Level 5 of the Dungeon
  5676 | D:5      | Reached skill level 4 in Fighting
  6190 | D:5      | Reached XP level 8. HP: 60/71 MP: 11/11
  6675 | D:6      | Reached skill level 5 in Fighting
  7565 | D:6      | Gained mutation: You cannot train Armour skill. [Ru
                  | sacrifice]
  7565 | D:6      | Reached ** piety under Ru
  7565 | D:6      | Reached *** piety under Ru
  7893 | D:6      | Reached skill level 6 in Fighting
  8204 | D:7      | Noticed a deep elf mage
  8207 | D:7      | Killed a deep elf mage
  8208 | D:7      | Reached XP level 9. HP: 83/83 MP: 12/12
  8229 | D:7      | Reached skill level 7 in Fighting
  8627 | D:7      | Reached skill level 10 in Maces & Flails
  9493 | D:7      | Found a runed translucent door.
  9494 | D:7      | Noticed Crazy Yiuf
  9569 | D:7      | Found a glowing golden altar of the Shining One.
  9569 | D:7      | Found a hazy altar of Hepliaklqana.
 10116 | D:8      | Found an iron altar of Okawaru.
 10498 | D:8      | Found a staircase to the Lair.
 10499 | D:8      | Noticed a komodo dragon
 10556 | D:8      | Killed a komodo dragon
 10557 | D:8      | Reached skill level 8 in Fighting
 10557 | D:8      | Reached XP level 10. HP: 65/94 MP: 13/13
 10724 | Lair:1   | Entered Level 1 of the Lair of Beasts
 10755 | Lair:1   | Gained mutation: You are hated by all. [Ru sacrifice]
 10755 | Lair:1   | Reached **** piety under Ru
 10755 | Lair:1   | Reached ***** piety under Ru
 10791 | Lair:1   | Noticed an eight-headed hydra
 10801 | Lair:1   | Killed an eight-headed hydra
 11104 | Lair:1   | Noticed a black mamba
 11112 | Lair:1   | Killed a black mamba
 11606 | Lair:2   | Noticed a cane toad
 11611 | Lair:2   | Killed a cane toad
 11865 | Lair:2   | Reached skill level 9 in Fighting
 11934 | Lair:3   | Noticed a cane toad
 11942 | Lair:3   | Killed a cane toad
 12265 | Lair:2   | Reached XP level 11. HP: 51/100 MP: 14/14
 12731 | Lair:2   | Reached skill level 10 in Fighting
 14066 | Lair:6   | Entered Level 6 of the Lair of Beasts
 14876 | D:8      | Gained mutation: You are clumsy. (Dex -2) [Ru sacrifice]
 14992 | D:8      | Found an ancient bone altar of Kikubaaqudgha.
 15093 | D:8      | Reached skill level 11 in Fighting
 15568 | D:9      | Found a blossoming altar of Fedhas.
 15642 | D:9      | Reached XP level 12. HP: 83/110 MP: 15/15
 15980 | D:9      | Found a staircase to the Orcish Mines.
 15988 | D:9      | Reached skill level 15 in Maces & Flails
 16139 | D:9      | Found an opulent altar of Gozag.
 16363 | D:10     | Entered Level 10 of the Dungeon
 16664 | D:10     | Noticed Grum
 16909 | D:10     | Gained mutation: You cannot be stealthy. [Ru sacrifice]
 16911 | D:10     | Killed Grum
 17017 | D:10     | Noticed Harold
 17029 | D:10     | Killed Harold
 17366 | D:10     | Found a shadowy altar of Dithmenos.
 17397 | D:10     | Noticed Snorg
 17411 | D:10     | Killed Snorg
 18964 | D:11     | Noticed a two-headed ogre
 18968 | D:11     | Killed a two-headed ogre
 19053 | D:11     | Reached skill level 12 in Fighting
 19614 | D:12     | Noticed a two-headed ogre
 19631 | D:12     | Killed a two-headed ogre
 19645 | D:12     | Got a topaz-encrusted scale mail
 19896 | D:12     | Found a flagged portal.
 19908 | Bailey   | Entered a bailey
 20419 | D:12     | Found a runed translucent door.
 21280 | Lair:1   | Reached XP level 13. HP: 96/127 MP: 12/16
 21656 | Lair:2   | Identified the +4 scale mail "Deufrouso" {Will+} (You found
                  | it on level 12 of the Dungeon)
 22566 | Lair:3   | Found a staircase to the Snake Pit.
 23116 | Lair:3   | Reached skill level 13 in Fighting
 25896 | Lair:4   | Found a staircase to the Shoals.
 26869 | Lair:5   | Found a staircase to the Slime Pits.
 27019 | Lair:5   | Reached XP level 14. HP: 115/139 MP: 17/17
 27473 | Lair:5   | Gained mutation: Your casting is slightly disrupted. [Ru
                  | sacrifice]
 27473 | Lair:5   | Reached ****** piety under Ru
 29183 | Lair:6   | Reached skill level 14 in Fighting
 31957 | Temple   | Entered the Ecumenical Temple
 32298 | D:8      | Fell from the grace of Ru
 32298 | D:8      | Became a worshipper of Warmaster Okawaru
 32619 | D:13     | Reached * piety under Okawaru
 32870 | D:13     | You fall into a shaft and drop 2 floors!
 32870 | D:15     | Entered Level 15 of the Dungeon
 33715 | D:13     | Reached skill level 1 in Invocations
 33826 | D:13     | Reached ** piety under Okawaru
 34165 | D:13     | Reached XP level 15. HP: 123/148 MP: 18/18
 34559 | D:13     | Reached *** piety under Okawaru
 34734 | D:13     | Found Pikosyick's Magic Scroll Shoppe.
 34763 | D:13     | Reached skill level 15 in Fighting
 35563 | D:13     | Found a gate to the Vaults.
 35898 | Orc:1    | Entered Level 1 of the Orcish Mines
 36282 | Orc:2    | Entered Level 2 of the Orcish Mines
 36532 | Orc:2    | Noticed Donald
 36717 | Orc:1    | Killed Donald
 36978 | Orc:1    | Reached **** piety under Okawaru
 37322 | Orc:2    | Found a staircase to the Elven Halls.
 37326 | Orc:2    | Noticed an orc warlord
 37524 | Orc:1    | Killed an orc warlord
 37846 | Orc:2    | Noticed Nessos
 37868 | Orc:2    | Killed Nessos
 37869 | Orc:2    | Reached skill level 1 in Evocations
 38146 | Orc:2    | Noticed Sonja
 38156 | Orc:2    | Killed Sonja
 38496 | Orc:2    | Noticed Urug
 39380 | Orc:2    | Found Ziocakk's Distillery.
 39380 | Orc:2    | Found Xeujiek's Antique Armour Shoppe.
 39382 | Orc:2    | Found Panany's Gadget Emporium.
 39383 | Orc:2    | Found Eqooficry's Armour Boutique.
 39401 | Orc:2    | Killed Urug
 39878 | Orc:2    | Bought a potion of haste for 140 gold pieces
 39878 | Orc:2    | Bought a potion of heal wounds for 70 gold pieces
 39881 | Orc:2    | Bought a wand of acid (6) for 200 gold pieces
 40109 | Orc:2    | Bought an embroidered cloak for 270 gold pieces
 40121 | Orc:2    | Bought a tin of tremorstones (2/2) for 400 gold pieces
 40234 | Orc:2    | Reached skill level 1 in Throwing
 41387 | D:14     | Reached ***** piety under Okawaru
 41717 | D:14     | Got a shimmering scale mail
 41727 | D:14     | Identified the +6 scale mail "Tiqyupp" {Int+3 Dex+3} (You
                  | found it on level 14 of the Dungeon)
 43334 | D:15     | Reached skill level 16 in Fighting
 43355 | D:15     | Found a staircase to the Depths.
 43511 | D:15     | Noticed Josephine
 43514 | D:15     | Noticed Louise
 43535 | D:14     | Received a gift from Okawaru
 43574 | D:14     | Killed Josephine
 43783 | D:15     | Reached XP level 16. HP: 119/158 MP: 19/19
 44085 | D:15     | Killed Louise
 44802 | Snake:1  | Entered Level 1 of the Snake Pit
 45251 | Lair:3   | Reached skill level 5 in Invocations
 45606 | Snake:1  | You fall into a shaft and drop 1 floor!
 45728 | Snake:2  | Found Dinnukhu's Armour Emporium.
 45747 | Snake:2  | Bought a +2 pair of gloves of strength for 301 gold pieces
 48989 | Snake:2  | Reached skill level 5 in Shields
 49523 | Snake:2  | You fall into a shaft and drop 1 floor!
 49737 | Snake:2  | Noticed Roxanne
 49832 | Snake:2  | Found Equokhlue's Assorted Antiques.
 50048 | Snake:2  | Found Ylith's General Store.
 50250 | Snake:2  | Reached skill level 5 in Evocations
 50768 | Snake:3  | Received a gift from Okawaru
 52099 | Snake:3  | Received a gift from Okawaru
 52104 | Snake:3  | Got a bloodstained helmet {god gift}
 52114 | Snake:3  | Identified the -4 helmet of the Hills {rF+ rC+ Str+6}
                  | (Okawaru gifted it to you on level 3 of the Snake Pit)
 53368 | Snake:4  | Entered Level 4 of the Snake Pit
 53390 | Snake:4  | Reached skill level 17 in Fighting
 53972 | Snake:4  | Reached XP level 17. HP: 127/172 MP: 22/22
 55475 | Snake:4  | Found an ancient bone altar of Kikubaaqudgha.
 55865 | Snake:4  | Noticed Nikola
 55879 | Snake:4  | Killed Nikola
 56670 | Snake:4  | Reached skill level 5 in Throwing
 57362 | Snake:3  | Received a gift from Okawaru
 59381 | Snake:4  | Got a serpentine rune of Zot
 59618 | Shoals:1 | Entered Level 1 of the Shoals
 59666 | Shoals:1 | Identified the ring "Afieschy Iheu" {rC+ rN+ Slay+3} (You
                  | found it on level 1 of the Shoals)
 60338 | Shoals:1 | Noticed Kirke
 60398 | Shoals:1 | Killed Kirke
 60399 | Shoals:1 | Reached skill level 18 in Fighting
 60627 | Shoals:2 | Found a transporter.
 60629 | Shoals:2 | Noticed Gadfly's ghost (adept DsBe)
 60631 | Shoals:2 | Upgraded the game from 0.26.0-18-gc5c842f807 to
                  | 0.26.0-20-g3ca415f5b8
 61908 | Shoals:2 | Found a transporter.
 61914 | Shoals:2 | Reached XP level 18. HP: 184/184 MP: 23/23
 63433 | Shoals:3 | Found a white marble altar of Elyvilon.
 63974 | Shoals:4 | Entered Level 4 of the Shoals
 64319 | Shoals:3 | Received a gift from Okawaru
 64322 | Shoals:3 | Got a polished demon whip {god gift}
 64323 | Shoals:3 | Identified the +1 demon whip of the Enchanted Forest
                  | {flame, rN+ Str+4 Int+3} (Okawaru gifted it to you on level
                  | 3 of the Shoals)
 66370 | Shoals:4 | Received a gift from Okawaru
 66828 | Shoals:4 | Got a barnacled rune of Zot
 66891 | Shoals:4 | Reached skill level 10 in Shields
 67032 | Shoals:4 | Received a gift from Okawaru
 67250 | Shoals:4 | Received a gift from Okawaru
 67257 | Shoals:4 | Found Plog's Antique Armour Boutique.
 68671 | Elf:1    | Entered Level 1 of the Elven Halls
 68699 | Elf:1    | Found a radiant altar of Vehumet.
 69243 | Elf:1    | Identified the Almanac of Creative Attacks
 69368 | Elf:1    | Reached skill level 19 in Fighting
 69382 | Elf:1    | Learned a level 2 spell: Blink
 70742 | Elf:2    | Reached XP level 19. HP: 159/194 MP: 24/24
 71056 | Elf:2    | Found a runed translucent gate.
 71056 | Elf:2    | Found a runed translucent gate.
 71057 | Elf:2    | Found a runed translucent gate.
 71097 | Elf:2    | Noticed Aizul
 71125 | Elf:2    | Killed Aizul
 71125 | Elf:2    | Received a gift from Okawaru
 71532 | Elf:2    | Got a jewelled tower shield {god gift}
 71542 | Elf:2    | Identified the +0 tower shield of Intuition {Rampage Int+4}
                  | (Okawaru gifted it to you on level 2 of the Elven Halls)
 73395 | Vaults:1 | Entered Level 1 of the Vaults
 74760 | Vaults:1 | Received a gift from Okawaru
 75174 | Vaults:1 | Found a roughly hewn altar of Beogh.
 76389 | Vaults:1 | Reached XP level 20. HP: 206/206 MP: 8/26
 76625 | Vaults:2 | Reached skill level 20 in Fighting
 76950 | Vaults:2 | Reached skill level 10 in Evocations
 77004 | Vaults:2 | Received a gift from Okawaru
 77016 | Vaults:2 | Got a spiked chain mail {god gift}
 77056 | Vaults:1 | Identified the +7 chain mail "Piruh" {rElec rC- Will+}
                  | (Okawaru gifted it to you on level 2 of the Vaults)
 78467 | Vaults:2 | Reached ****** piety under Okawaru
 79127 | Vaults:3 | Found a staircase to the Crypt.
 79244 | Vaults:3 | Found Mimiod's Distillery.
 79255 | Vaults:3 | Bought 2 potions of haste for 260 gold pieces
 79255 | Vaults:3 | Bought a potion of mutation for 104 gold pieces
 79255 | Vaults:3 | Bought a potion of curing for 39 gold pieces
 79433 | Vaults:3 | Received a gift from Okawaru
 80351 | Vaults:3 | Received a gift from Okawaru
 80494 | Vaults:3 | Found Vafey's Antique Armour Boutique.
 80499 | Vaults:3 | Bought an ichor-stained plate armour for 756 gold pieces
 80510 | Vaults:3 | Identified the +3 plate armour of Vlad {rElec rF++ Int+4}
                  | (You bought it in a shop on level 3 of the Vaults)
 80520 | Vaults:3 | Bought an obsidian-studded chain mail for 256 gold pieces
 80531 | Vaults:3 | Identified the cursed +0 chain mail of Compression {Str+2}
                  | (You bought it in a shop on level 3 of the Vaults)
 81020 | Vaults:3 | Received a gift from Okawaru
 81228 | Vaults:4 | Found Lanefosets's Weapon Boutique.
 81340 | Vaults:4 | Reached XP level 21. HP: 161/217 MP: 9/27
 82203 | Vaults:4 | Reached skill level 21 in Fighting
 82212 | Vaults:4 | Received a gift from Okawaru
 82671 | Vaults:4 | Received a gift from Okawaru
 83393 | Depths:1 | Entered Level 1 of the Depths
 84084 | Depths:1 | Found a gateway to Hell.
 84712 | Depths:1 | Found a gateway to a ziggurat.
 85239 | Depths:1 | Found an iron altar of Okawaru.
 85285 | Depths:1 | Found a one-way gate leading to the halls of Pandemonium.
 85317 | Depths:2 | Found Lettenk's Jewellery Emporium.
 85434 | Depths:2 | Found Juoppanu's Gadget Shoppe.
 85434 | Depths:2 | Found Natomeur's Jewellery Emporium.
 85439 | Depths:2 | Found Lojas's Magic Scroll Shoppe.
 85445 | Depths:2 | Bought a scroll of fear for 52 gold pieces
 85445 | Depths:2 | Bought a scroll of blinking for 112 gold pieces
 85448 | Depths:2 | Bought the amulet "Isa Deam" {Acrobat Slay+3} for 644 gold
                  | pieces
 85756 | Depths:2 | Received a gift from Okawaru
 85974 | Depths:2 | Found a one-way gate to the infinite horrors of the Abyss.
 86782 | Depths:2 | Reached XP level 22. HP: 213/228 MP: 9/28
 86789 | Depths:2 | Reached skill level 10 in Throwing
 87727 | Depths:3 | Found a transporter.
 87732 | Depths:3 | Noticed WeeknightWizard's ghost (veteran DEFE)
 87732 | Depths:3 | Noticed a caustic shrike
 87759 | Depths:3 | Found a transporter.
 87888 | Depths:3 | Found Vynun's Gadget Boutique.
 87890 | Depths:3 | Found Futheq's Jewellery Shoppe.
 87891 | Depths:3 | Found Faempi's Gadget Boutique.
 88579 | Depths:4 | Found Roeptov's Weapon Shop.
 88690 | Depths:4 | Reached skill level 22 in Fighting
 88696 | Depths:4 | Received a gift from Okawaru
 88698 | Depths:4 | Got a steaming barding {god gift}
 88745 | Depths:3 | Identified the +4 barding of Kegurph {rC+} (Okawaru gifted
                  | it to you on level 4 of the Depths)
 88987 | Depths:4 | Found a flickering gateway to a bazaar.
 88992 | Depths:4 | Reached skill level 15 in Shields
 89013 | Bazaar   | Entered a bazaar
 89013 | Bazaar   | Found Zaenn's Magic Scroll Boutique.
 89034 | Bazaar   | Bought a scroll of blinking for 97 gold pieces
 89034 | Bazaar   | Bought a scroll of acquirement for 676 gold pieces
 89036 | Bazaar   | Found Ufyodghow's General Store.
 89058 | Bazaar   | Found Dusuicwo's Magic Scroll Shoppe.
 89074 | Bazaar   | Found Luxauwus's Assorted Antiques.
 89080 | Bazaar   | Acquired 632 gold pieces
 89096 | Bazaar   | Bought a scroll of acquirement for 780 gold pieces
 89096 | Bazaar   | Acquired 1116 gold pieces
 89366 | Depths:4 | Found Atzemp's Antique Armour Boutique.
 89661 | Depths:4 | Noticed a golden dragon
 89670 | Depths:4 | Killed a golden dragon
 89975 | Depths:4 | Noticed Jory
 90426 | Depths:3 | Identified the cursed +1 morningstar "Jomoq" {vamp, +Rage
                  | rF+ Will+++ Dex-2} (You found it on level 3 of the Depths)
 90483 | Depths:3 | Noticed a juggernaut
 90514 | Depths:3 | Killed a juggernaut
 90878 | Depths:3 | Acquired 963 gold pieces
 91264 | Depths:3 | Noticed Boris
 91275 | Depths:3 | Killed Boris
 91333 | Depths:3 | Received a gift from Okawaru
 91596 | Depths:3 | Acquired 934 gold pieces
 91641 | Depths:3 | Found the +3 giant club "Skullcrusher" {speed, Str+7}
 91668 | Depths:3 | Identified the Tome of Glacial Necromancy
 91847 | Depths:3 | Killed Jory
 92140 | Depths:5 | Entered Level 5 of the Depths
 92264 | Depths:5 | Reached XP level 23. HP: 208/240 MP: 9/29
 93062 | Depths:5 | Received a gift from Okawaru
 93265 | Depths:5 | Found a gate to the Realm of Zot.
 93276 | Depths:5 | Reached skill level 23 in Fighting
 94399 | Slime:1  | Entered Level 1 of the Pits of Slime
 95424 | Slime:1  | Received a gift from Okawaru
 96273 | Slime:4  | Gained mutation: You tend to lose your temper in combat. [a
                  | shining eye]
 96275 | Slime:4  | Paralysed by a great orb of eyes for 7 turns
 96278 | Slime:4  | Gained mutation: Your magical capacity is low. (-10% MP) [a
                  | shining eye]
 97635 | Slime:4  | Gained mutation: Your body sometimes deteriorates upon
                  | taking damage. [a shining eye]
 97637 | Slime:4  | Gained mutation: Your magical capacity is very low. (-20%
                  | MP) [a shining eye]
 97692 | Slime:5  | Entered Level 5 of the Pits of Slime
 97925 | Slime:5  | Received a gift from Okawaru
 98221 | Slime:5  | Found a viscous altar of Jiyva.
 98222 | Slime:5  | Noticed the Royal Jelly
 98235 | Slime:5  | Killed the Royal Jelly
 99600 | Slime:5  | Received a gift from Okawaru
 99815 | Slime:5  | Identified the ring of the Shining Light {*Drain rF+++
                  | Int-4 Slay+4 SInv} (You found it on level 5 of the Pits of
                  | Slime)
 99869 | Slime:5  | Got a slimy rune of Zot
100003 | Slime:5  | Received a gift from Okawaru
100521 | D:4      | Killed Gadfly's ghost
100657 | D:7      | Killed Crazy Yiuf
100842 | D:12     | Reached skill level 24 in Fighting
101556 | Lair:6   | Received a gift from Okawaru
101749 | Shoals:2 | Reached XP level 24. HP: 180/254 MP: 7/23
101759 | Shoals:2 | Killed Gadfly's ghost
102352 | Snake:2  | Killed Roxanne
103160 | D:10     | Noticed Joseph
103163 | D:10     | Killed Joseph
103163 | D:10     | Received a gift from Okawaru
103401 | Zot:1    | Entered Level 1 of the Realm of Zot
103719 | Depths:5 | Received a gift from Okawaru
103764 | Depths:5 | Identified the +3 barding of Compassion {rC++ Int+2 Dex+2}
                  | (Okawaru gifted it to you on level 5 of the Depths)
106914 | Zot:1    | Found the ring of the Tortoise {AC+8}
107108 | Zot:1    | Reached skill level 15 in Evocations
107113 | Zot:1    | Received a gift from Okawaru
108379 | Zot:2    | You fall into a shaft and drop 1 floor!
109010 | Zot:2    | Received a gift from Okawaru
109011 | Zot:2    | Reached skill level 25 in Fighting
109109 | Zot:2    | Reached XP level 25. HP: 258/266 MP: 7/23
109264 | Zot:2    | Received a gift from Okawaru
109379 | Zot:2    | Received a gift from Okawaru
109683 | Zot:2    | Found a transporter.
109705 | Zot:2    | Found a transporter.
109748 | Zot:2    | Noticed Toelubet's ghost (veteran CeHu)
110841 | Zot:3    | Received a gift from Okawaru
110855 | Zot:3    | Got a warped helmet {god gift}
110923 | Zot:2    | Identified the +1 helmet "Erixte" {rCorr} (Okawaru gifted
                  | it to you on level 3 of the Realm of Zot)
112113 | Zot:4    | Found a transporter.
112122 | Zot:4    | Noticed an orb of fire
112126 | Zot:4    | Found a transporter.
113224 | Zot:5    | Entered Level 5 of the Realm of Zot
113851 | Zot:5    | Received a gift from Okawaru
113852 | Zot:5    | Identified the +0 plate armour of the Hidden Dances
                  | {Rampage +Blink Regen+} (Okawaru gifted it to you on level
                  | 5 of the Realm of Zot)
113942 | Zot:5    | Noticed an ancient lich
113949 | Zot:5    | Killed an ancient lich
113950 | Zot:5    | Reached XP level 26. HP: 189/278 MP: 0/23
114481 | Zot:5    | Noticed an ancient lich
114487 | Zot:5    | Cast into level 5 of the Abyss (an ancient lich)
114487 | Abyss:5  | Entered Level 5 of the Abyss
114525 | Zot:5    | Escaped the Abyss
114537 | Zot:5    | Killed an ancient lich
114538 | Zot:5    | Reached skill level 26 in Fighting
114802 | Zot:5    | Noticed an orb of fire
114825 | Zot:5    | Killed an orb of fire
115111 | Zot:5    | Noticed an orb of fire
115121 | Zot:5    | Noticed an orb of fire
115130 | Zot:5    | Killed an orb of fire
115131 | Zot:5    | Reached skill level 15 in Throwing
115159 | Zot:5    | Killed an orb of fire
115236 | Zot:5    | Noticed an orb of fire
115236 | Zot:5    | Gained mutation: You are very clumsy. (Dex -4) [an orb of
                  | fire]
115347 | Zot:5    | Noticed an ancient lich
115365 | Zot:5    | Killed an ancient lich
115365 | Zot:5    | Received a gift from Okawaru
115456 | Zot:5    | Noticed an orb of fire
115463 | Zot:5    | Gained mutation: You are frail. (-10% HP) [an orb of fire]
115472 | Zot:5    | Killed an orb of fire
115551 | Zot:5    | Lost mutation: You are very clumsy. (Dex -4) [potion of
                  | mutation]
115551 | Zot:5    | Lost mutation: Your magical capacity is very low. (-20% MP)
                  | [potion of mutation]
115551 | Zot:5    | Lost mutation: You are frail. (-10% HP) [potion of
                  | mutation]
115551 | Zot:5    | Lost mutation: You tend to lose your temper in combat.
                  | [potion of mutation]
115551 | Zot:5    | Gained mutation: You have a pair of small antennae on your
                  | head. [potion of mutation]
115551 | Zot:5    | Gained mutation: Your tail ends in a poisonous barb.
                  | [potion of mutation]
115551 | Zot:5    | Gained mutation: Your body often deteriorates upon taking
                  | damage. [potion of mutation]
115551 | Zot:5    | Gained mutation: You expend magic power (3 MP) to
                  | strengthen your wands. [potion of mutation]
115614 | Zot:5    | Received a gift from Okawaru
115974 | Zot:5    | Killed an orb of fire
115975 | Zot:5    | Noticed an ancient lich
115981 | Zot:5    | Killed an ancient lich
116068 | Zot:5    | Received a gift from Okawaru
116168 | Zot:5    | Noticed an orb of fire
116169 | Zot:5    | Got the Orb of Zot
116715 | D:1      | Noticed Nicagen the pandemonium lord
116751 | D:$      | Escaped with the Orb!

Illustrated notes

Levels and vault maps discovered:
D:1:      amcnicky_arrival_blooded_trapdoor, layout_basic, minivault_25
D:2:      layout_basic, minmay_overflow_temple_star_hex
D:3:      layout_basic, chequers_ecumenical_altar_simple_redux,
          nicolae_qazlal_style_of_elements, uniq_robin
D:4:      layout_loops_cross, temple_doors_ab, gammafunk_ghost_abyssal_escape,
          palyth_stone_intersect, roderic_serpentine_path, uniq_natasha
D:5:      layout_basic, grunt_ministairs_5, minmay_tree_intersection,
          corexii_hall_statues_l
D:6:      layout_basic, serial_glass, glass_columns_c, glass_columns_b
D:7:      layout_rooms, gammafunk_temple_overflow_elements,
          guppyfry_early_elven_hall, uniq_crazy_yiuf_cottage
D:8:      layout_cave_pods, general_overflow_altar, kennysheep_mini_moat,
          david_lair_shrubbed, kennysheep_minor_cross
D:9:      layout_loops_ring, nicolae_overflow_crystal_walls, david_orc_2,
          fedhas_altar_decomposition
D:10:     layout_gridville, basic_altar, serial_bayou, serial_bayou_pond_e,
          serial_bayou_lake_a, serial_bayou_lagoon_a, serial_bayou_shore_b,
          serial_bayou_pond_e, uniq_grum, uniq_harold, uniq_joseph, uniq_snorg
D:11:     layout_gridville
D:12:     cheibrodos_body_horror, layout_irregular_city, enter_bailey_3,
          st_stairs_4
D:13:     layout_long_grid, grunt_vaults_entry_tiered, serial_shops,
          shop_fountains, hangedman_weighted_door, serial_park_tiny_1,
          minmay_rotating_lava
D:14:     layout_loops_corners
D:15:     gammafunk_depths_entry_grave, layout_basic, serial_park_avenue1,
          drop_trap, uniq_josephine, uniq_louise
Temple:   hc_temple_tempest_star
Lair:1:   layout_chaotic_city
Lair:2:   layout_loops_ring, roderic_carrion_pond
Lair:3:   layout_long_grid, guppyfry_snake_entry_garden, serial_bayou_pond_d,
          chequers_serial_rivers_marsh, minmay_lair_oklob_chamber
Lair:4:   nzn_winding_woodlands_cross [nzn_winding_woodlands_5x15_concentric,
          nzn_winding_woodlands_5x15_sawtooth,
          nzn_winding_woodlands_5x15_lazy_stream,
          nzn_winding_woodlands_5x15_crooked,
          nzn_winding_woodlands_15x15_thick_spiral], layout_cave_pods,
          elwin_shoals_entry_rooms, beast_lair_carwin_1, serial_bayou_shore_a
Lair:5:   layout_layer_cave, minmay_slime_entry_pillars, wad_woods_river_01
Lair:6:   due_jungle_book, layout_gridlike, grunt_megastairs_5
Shoals:1: layout_shoals, nicolae_shoals_so_close, uniq_kirke
Shoals:2: layout_shoals, gammafunk_ghost_arena
Shoals:3: layout_shoals, wheals_shoals_ruined_temple
Shoals:4: shoals_end_hangedman, layout_shoals, serial_shops, bzr_entry_dummy,
          shop
Snake:1:  layout_cave_shapes, drop_trap, grunt_megastairs_2
Snake:2:  layout_layer_cave, serial_shops, nicolae_shop_overgrown_old_shop,
          shop_fountains, shop_fountains, st_stairs_12, uniq_roxanne
Snake:3:  layout_gridlike
Snake:4:  snake_pit, layout_rooms, basic_altar, uniq_nikola
Slime:1:  layout_caves, amcnicky_altar_lugonu_corruption
Slime:2:  layout_caves
Slime:3:  layout_caves
Slime:4:  layout_caves, cheibrodos_slime_lost_civilization_7
Slime:5
Orc:1:    layout_caves
Orc:2:    st_orc_rangers, layout_diamond_mine, sword_in_stone, uniq_sonja,
          uniq_donald, uniq_nessos
Elf:1:    eino_elf_arrival_altar, layout_onion_city, minmay_elf_sorcery,
          minivault_16, grunt_ministairs_8, due_unseen_surprise
Elf:2:    layout_onion_city, st_stairs_9, small_statue_intersection, uniq_aizul
Vaults:1: nicolae_vaults_circle_grid_b, v_misc_4, v_misc_10,
          hangedman_vaults_restitches, vaults_dpeg_hooks, v_rooms_4,
          nicolae_vaults_network_barrier, v_misc_28, special_room_vaults
          [special_room_orc], layout_vaults_big_room
Vaults:2: v_misc_17, ontoclasm_vaults_decontamination, v_misc_16, v_misc_33,
          v_misc_11, nicolae_vaults_what_the_h, v_misc_9,
          ontoclasm_vaults_shuriken, ontoclasm_vaults_eye,
          vaults_dpeg_encased_lava, vaults_room_octagon, v_misc_30,
          vaults_room_pools, grunt_vaults_hallway_short,
          grunt_vaults_hallway_short, layout_vaults_omnicross
Vaults:3: hangedman_vaults_hat, hangedman_vaults_locks, v_misc_2,
          ontoclasm_vaults_chip, nicolae_vaults_specimen_jars,
          minmay_crypt_entry_simple_round, v_pattern_2, vaults_room_corners,
          nicolae_vaults_asterisk, layout_vaults_ring, serial_shops,
          nicolae_shop_overgrown_old_shop, nicolae_shop_waterfront
Vaults:4: v_misc_26, vaults_standard_mumra_lines, vaults_dpeg_doors,
          ontoclasm_vaults_misaligned, nicolae_vaults_network_s,
          ontoclasm_vaults_ring_large, ontoclasm_vaults_twist,
          grunt_vaults_twisty, vaults_room_hallway, serial_ice_m,
          hangedman_vaults_maws, v_rooms_5, layout_vaults_omnigrid,
          serial_shops, nicolae_shop_temple_entry_statues_fountains
Depths:1: layout_cave_shapes, enter_ziggurat_f, minmay_door_square,
          pf_hell_entry_tar_river, grunt_pan_entry_spiral,
          minmay_misc_feat_more_columns, minmay_gold_behind_fungi,
          okawaru_ov_weapons_minmay
Depths:2: minmay_connected_triangles_in_corner, layout_basic,
          grunt_hell_entry_dis_old, minmay_misc_feat_enclosed, abyss_entry,
          infiniplex_staircase_river, minmay_shoptagon
Depths:3: vault_1, layout_twisted_cross, gammafunk_ghost_berserking_beasts,
          grunt_pan_entry_zigzag, amcnicky_mini_pool_small, lightli_too_deep,
          minmay_shop_grove, uniq_boris
Depths:4: minmay_distorted_concentric_squares, layout_honeycomb,
          nicolae_abyss_entry_one_way_or_another,
          hangedman_abyss_or_decor_passed, hell_entry, serial_shops,
          bzr_entry_gold, nicolae_shop_trees, shop, uniq_jory
Depths:5: evilmike_zot_entry_argh, layout_gridlike, skrybe_limestone_x,
          hell_entry, hangedman_abyss_or_decor_clamps
Zot:1:    layout_cathedral_of_symmetry, st_stairs_1
Zot:2:    layout_misc_corridors, gammafunk_ghost_mausoleum
Zot:3:    layout_basic
Zot:4:    gammafunk_sealed_arena, layout_basic,
          hangedman_zot_decor_unnerving_road, st_small_dragon_hoard_5
Zot:5:    layout_misc_corridors

Skill      XL: |  1  2  3  4  5  6  7  8  9 10 11 12 13 14 15 16 17 18 19 20 21 22 23 24 25 26 |
---------------+-------------------------------------------------------------------------------+-----
Short Blades   | 1 |  1.3
Fighting       | 1 2 3 4 6 8 9 11 12 13 14 16 17 18 19 20 21 22 24 25 26 | 26.5
Maces & Flails | 1 2 3 4 5 6 9 11 13 14 16 18 19 20 | 20.3
Shields        | 1 2 4 6 8 10 12 13 14 15 | 15.0
Dodging        | 0 |  0.0
Stealth        | 0 |  0.0
Invocations    | 1 4 6 7 8 |  8.0
Evocations     | 3 5 7 8 9 10 11 12 14 15 17 18 | 18.1
Throwing       | 2 4 5 7 8 9 10 12 13 14 15 | 15.6
Long Blades    | |  0.8
Spellcasting   | |  2.0
Necromancy     | |  4.0

Action                   |  1- 3 |  4- 6 |  7- 9 | 10-12 | 13-15 | 16-18 | 19-21 | 22-24 | 25-27 || total
-------------------------+-------+-------+-------+-------+-------+-------+-------+-------+-------++-------
Melee: Dagger            |     3 |       |       |       |       |       |       |       |       ||     3
       Whip              |   109 |       |       |       |       |       |       |       |       ||   109
       Short sword       |     5 |       |       |       |       |       |       |       |       ||     5
       Tailslap          |     7 |    22 |    52 |   122 |   331 |   327 |   265 |   301 |   129 ||  1556
       Flail             |       |   235 |   427 |       |       |       |       |       |       ||   662
       Great sword       |       |    16 |       |       |       |       |       |       |       ||    16
       Morningstar       |       |       |    60 |  1063 |  2340 |  2088 |   163 |       |       ||  5714
       Eveningstar       |       |       |       |       |       |       |  1479 |  1466 |   647 ||  3592
Throw: Dart              |       |       |       |       |     1 |       |       |       |       ||     1
       Javelin           |       |       |       |       |       |    47 |    19 |    17 |    10 ||    93
       Boomerang         |       |       |       |       |       |    13 |   384 |   236 |   110 ||   743
       Throwing net      |       |       |       |       |       |       |       |     2 |       ||     2
 Cast: Pain              |    13 |       |       |       |       |       |       |       |       ||    13
       Animate Skeleton  |     1 |       |       |       |       |       |       |       |       ||     1
Invok: Sacrifice Nimblen |       |     1 |       |       |       |       |       |       |       ||     1
       Sacrifice Durabil |       |       |     1 |       |       |       |       |       |       ||     1
       Draw Out Power    |       |       |     1 |     5 |       |       |       |       |       ||     6
       Apocalypse        |       |       |       |     4 |     1 |       |       |       |       ||     5
       Sacrifice Love    |       |       |       |     1 |       |       |       |       |       ||     1
       Sacrifice Purity  |       |       |       |     1 |       |       |       |       |       ||     1
       Sacrifice Stealth |       |       |       |     1 |       |       |       |       |       ||     1
       Reject Sacrifices |       |       |       |     1 |       |       |       |       |       ||     1
       Sacrifice Essence |       |       |       |       |     1 |       |       |       |       ||     1
       Heroism           |       |       |       |       |    11 |    16 |     3 |     3 |     3 ||    36
       Finesse           |       |       |       |       |       |     4 |     5 |     4 |     2 ||    15
 Abil: Rolling Charge    |    24 |    23 |    38 |    74 |   174 |   218 |   103 |   116 |    62 ||   832
Evoke: Wand              |       |       |       |       |     5 |     8 |     3 |     2 |     2 ||    20
       Tin of tremorston |       |       |       |       |       |     6 |    10 |     2 |       ||    18
       Condenser vane    |       |       |       |       |       |     2 |     4 |     3 |       ||     9
       Phial of floods   |       |       |       |       |       |       |     1 |       |       ||     1
  Use: Potion            |     1 |       |     6 |     4 |     4 |     9 |     3 |     5 |     5 ||    37
       Scroll            |       |       |     5 |    12 |    17 |    16 |     6 |    27 |     8 ||    91
 Stab: Invisible         |       |       |     2 |    22 |    10 |       |       |       |       ||    34
       Distracted        |       |       |     1 |     4 |     2 |       |       |     1 |       ||     8
       Paralysed         |       |       |       |    11 |     9 |       |       |       |       ||    20
       Held in net/web   |       |       |       |       |       |       |       |     1 |       ||     1
Armor: Ring mail         |    49 |   130 |       |       |       |       |       |       |       ||   179
       Robe              |     8 |       |       |       |       |       |       |       |       ||     8
       Scale mail        |       |    14 |   298 |   240 |  1142 |   979 |   186 |       |       ||  2859
       Skin              |       |       |     9 |       |       |       |       |       |       ||     9
       Troll leather arm |       |       |       |   189 |    46 |       |       |       |       ||   235
       Chain mail        |       |       |       |       |       |       |   352 |   860 |   230 ||  1442
Dodge: Dodged            |    45 |   114 |   146 |   282 |   563 |   291 |   106 |    89 |    57 ||  1693
Block: Buckler           |       |    43 |    75 |   111 |   175 |       |       |       |       ||   404
       Kite shield       |       |       |       |       |   325 |     2 |       |       |       ||   327
       Tower shield      |       |       |       |       |       |  1656 |  1223 |  1187 |   409 ||  4475
       Rpst.: Great sword |       |     3 |       |       |       |       |       |       |       ||     3
